 Dungeon Crawl Stone Soup version 0.31.0-11-ge490571c62 (webtiles) character file.

Game seed: 11449030437089560791

436 Arctor the Magician (level 6, -8/32 HPs)
             Began as a Deep Elf Fire Elementalist on Feb 2, 2024.
             Killed by divine providence
             ... invoked by an orc priest
              (10 damage)
             ... on level 4 of the Dungeon.
             The game lasted 00:02:54 (4843 turns).

Arctor the Magician (Deep Elf Fire Elementalist)    Turns: 4843, Time: 00:02:55

Health: -8/32      AC:  2    Str:  5    XL:     6   Next: 68%
Magic:  13/15      EV: 14    Int: 22    God:
Gold:   289        SH:  0    Dex: 15    Spells: 6/15 levels left

rFire   + . .        p - +2 dagger (elec)
rCold   + . .        (no shield)
rNeg    . . .        a - +0 robe
rPois   .            (no helmet)
rElec   .            s - scarf {rC+ rF+}
rCorr   .            (no gloves)
SInv    .            (no boots)
Will    +....        (no amulet)
Stlth   +++          d - ring of willpower
HPRegen 0.25/turn    l - ring of wizardry
MPRegen 0.14/turn

%: wizardry (x1)
@: no status effects
A: no striking features
a: no special abilities


You were on level 4 of the Dungeon.
You visited 1 branch of the dungeon, and saw 5 of its levels.

You collected 289 gold pieces.

Inventory:

Hand Weapons
 p - a +2 dagger of electrocution (weapon)
Armour
 a - a +0 robe (worn)
 f - a +0 cloak
 s - a scarf of resistance (worn)
Jewellery
 d - a ring of willpower (left hand)
 l - a ring of wizardry (right hand)
 o - a ring of protection from fire
 u - an amulet of the acrobat
Scrolls
 e - 2 scrolls of revelation
 j - 2 scrolls of poison
 k - a scroll of immolation
 t - 2 scrolls of vulnerability
Potions
 b - 2 potions of magic
 c - 3 potions of attraction {unknown}
 g - a potion of ambrosia {unknown}
 h - 2 potions of brilliance {unknown}
 i - 3 potions of degeneration {unknown}
 m - a potion of lignification {unknown}
 n - a potion of might {unknown}
 q - a potion of cancellation {unknown}
 r - a potion of heal wounds {unknown}
 v - a potion of haste {unknown}


   Skills:
 + Level 4.4 Dodging
 + Level 4.6 Stealth
 + Level 5.0 Spellcasting
 + Level 3.4 Conjurations
 + Level 4.7 Fire Magic


You had 6 spell levels left.
You knew the following spells:

 Your Spells              Type           Power      Damage    Failure   Level
a - Foxfire               Conj/Fire      92%        2x1d8     1%          1
b - Scorch                Fire           52%        2d7       1%          2
c - Volatile Blastmotes   Fire/Tloc      32%        2d12      4%          3
d - Inner Flame           Hex/Fire       16%        N/A       4%          3

Your spell library contained the following spells:

 Spells                   Type           Power      Damage    Failure   Level
 Summon Small Mammal      Summ           20%        N/A       4%          1
 Flame Wave               Conj/Fire      23%        2d8       8%          4
 Call Canine Familiar     Summ           5%         N/A       12%         3
 Summon Ice Beast         Ice/Summ       5%         N/A       12%         3
 Summon Blazeheart Golem  Fire/Summ      16%        N/A       16%         4
 Animate Dead             Necr           5%         N/A       36%         4
 Summon Mana Viper        Hex/Summ       5%         N/A       69%         5
 Haunt                    Necr/Summ      2%         N/A       100%        7
 Monstrous Menagerie      Summ           2%         N/A       100%        7
 Infestation              Necr           2%         N/A       100%        8


Dungeon Overview and Level Annotations

Branches:
Dungeon (5/15)
 Temple: D:4-7

Altars:
Fedhas
Hepliaklqana
Yredelemnul


Message History

You hit the orc.
The orc is heavily wounded.
The orc misses you.
You hit the orc but do no damage.
The orc is heavily wounded.
The orc hits you with a +0 flail.
* * * LOW HITPOINT WARNING * * *
You hit the orc.
The orc is heavily wounded.
The orc barely misses you.
Casting: Scorch (safe; 1% risk of failure)
Confirm with . or Enter, or press ? or * to list all spells.
You don't know that spell.
You hit the orc.
You kill the orc!
You start resting.
Magic restored.
You start resting.
HP restored.
You climb downwards.
The orc priest hits you with a +0 hand axe!
The orc wizard casts a spell at you. The magic dart hits you.
The orc hits you with a +0 flail.
There is a stone staircase leading up here.
The orc hits you but does no damage.
The orc priest hits you with a +0 dagger.
The orc priest hits you with a +0 hand axe.
* * * LOW HITPOINT WARNING * * *
You climb upwards.
There is a stone staircase leading down, spattered with blood here.
Casting: Scorch (safe; 1% risk of failure)
Confirm with . or Enter, or press ? or * to list all spells.
Flames lash the orc priest.
The orc priest is moderately wounded.
The orc priest's fire resistance burns away.
The orc priest hits you with a +0 dagger.
* * * LOW HITPOINT WARNING * * *
The orc priest invokes the aid of Beogh against you.
Beogh smites you!
You die...

### ##.###### #.....#.###
###.........# #
#@#.....#...# ##
##oo........## ###.
#.o.........####...
#...........%.#.... ###
###..##......##.... ##.#
#..####.....)....
#..#########..#####.........
#...#..#.....##..##...#.##.#
##.#.................##...##


You could see 2 orc priests and an orc.

Vanquished Creatures
  A phantom (D:4)
  A scorpion (D:4)
  A water moccasin skeleton (D:4)
  A bombardier beetle (D:4)
  An iguana (D:4)
  Natasha (thrice) (D:4)
  A hound skeleton (D:4)
  2 adders
  An adder zombie (D:4)
  3 adder skeletons (D:4)
  2 dart slugs
  2 ribbon worms
  5 orcs
  5 endoplasms
  A giant cockroach (D:4)
  7 hobgoblins
  A jackal (D:2)
  10 kobolds
  4 quokkas
  4 ball pythons
  4 bats
  3 frilled lizards (D:1)
  9 goblins
  5 rats
77 creatures vanquished.

Vanquished Creatures (collateral kills)
  9 foxfires (D:2)
9 creatures vanquished.

Vanquished Creatures (others)
  476 foxfires
476 creatures vanquished.

Grand Total: 562 creatures vanquished

Notes
Turn   | Place    | Note
-------+----------+-------------------------------------------
     0 | D:1      | Arctor the Deep Elf Fire Elementalist began the quest for
                  | the Orb.
     0 | D:1      | Reached XP level 1. HP: 10/10 MP: 6/6
   204 | D:1      | Reached XP level 2. HP: 11/15 MP: 1/8
  1232 | D:1      | Reached XP level 3. HP: 19/19 MP: 5/9
  1815 | D:2      | Found a hazy altar of Hepliaklqana.
  2535 | D:2      | Found a faded altar of an unknown god.
  3406 | D:3      | Learned a level 2 spell: Scorch
  3410 | D:3      | Learned a level 3 spell: Volatile Blastmotes
  3414 | D:3      | Learned a level 3 spell: Inner Flame
  3474 | D:4      | Noticed a phantom
  3480 | D:4      | Killed a phantom
  3481 | D:4      | Reached skill level 4 in Spellcasting
  3481 | D:4      | Reached XP level 4. HP: 24/24 MP: 6/12
  3481 | D:4      | Reached XP level 5. HP: 28/28 MP: 6/13
  3656 | D:4      | Noticed Natasha
  3659 | D:4      | Killed Natasha
  3764 | D:4      | Noticed Natasha
  3767 | D:4      | Killed Natasha
  3779 | D:4      | Reached XP level 6. HP: 32/32 MP: 5/14
  3804 | D:4      | Noticed Natasha
  3807 | D:4      | Killed Natasha
  4129 | D:4      | Found a blossoming altar of Fedhas.
  4179 | D:4      | Found a basalt altar of Yredelemnul.
  4526 | D:4      | Identified the +1 dagger of the Thing {pain, Dex+2}
  4710 | D:5      | Entered Level 5 of the Dungeon
  4726 | D:4      | Reached skill level 5 in Spellcasting
  4843 | D:4      | Killed from afar by an orc priest

Illustrated notes

Levels and vault maps discovered:
D:1:      wander_arrival_estate, layout_loops_cross, minmay_close_crescents
D:2:      layout_rooms, basic_altar, shapermc_ecumenical_altar_ellora,
          minmay_tetromino_t4
D:3:      layout_rooms
D:4:      layout_cave_pools, mainiacjoe_overflow_tiny_flanked,
          amcnicky_altar_gilded, dilly_guarded_unrand_morg
D:5:      layout_layer_cave, old_standard_altar,
          minmay_temple_entry_statues_pillars, serial_park_tiny_pond

Skill      XL: |  1  2  3  4  5  6 |
---------------+-------------------+-----
Stealth        | 3 4 |  4.6
Dodging        | 3 4 |  4.4
Conjurations   | 2 3 |  3.4
Spellcasting   | 4 5 |  5.0
Fire Magic     | 4 |  4.7

Action                     |  1- 3 |  4- 6 || total
---------------------------+-------+-------++-------
  Melee: Unarmed           |     8 |       ||     8
         Dagger            |       |    10 ||    10
   Cast: Foxfire           |   210 |    89 ||   299
         Scorch            |       |    10 ||    10
    Use: Scroll            |     6 |       ||     6
   Stab: Distracted        |       |     1 ||     1
 Armour: Robe              |     8 |    18 ||    26
  Dodge: Dodged            |    14 |    22 ||    36
